 Dungeon Crawl Stone Soup version 0.30.0-19-g36f170ea60 (webtiles) character file.

Game seed: 10305882578852352424

108 PaiMei the Digger (level 4, -1/26 HPs)
             Began as a Gargoyle Earth Elementalist on May 30, 2023.
             Slain by a hell rat (10 damage)
             ... in a sewer.
             The game lasted 00:05:49 (2005 turns).

PaiMei the Digger (Gargoyle Earth Elementalist)     Turns: 2005, Time: 00:05:49

Health: -1/26      AC:  6    Str: 12    XL:     4   Next: 87%
Magic:  4/8        EV: 12    Int: 17    God:
Gold:   98         SH:  0    Dex: 10    Spells: 7/8 levels left

rFire   . . .        r - +2 short sword (elec)
rCold   + . .        (no shield)
rNeg    + . .        a - +0 robe
rPois   ∞            k - +1 hat
rElec   +            (no cloak)
rCorr   .            (no gloves)
SInv    .            (no boots)
Will    .....        (no amulet)
Stlth   +            j - ring of protection from cold
HPRegen 0.24/turn    (no ring)
MPRegen 0.11/turn

%: no passive effects
@: very slow
A: sickness immunity, AC +3, negative energy resistance 1, electricity
resistance, torment resistance 1, petrification resistance
a: no special abilities


You were in a sewer.
You visited 1 branch of the dungeon, and saw 4 of its levels.
You also visited: Sewer.

You collected 98 gold pieces.

Inventory:

Hand Weapons
 r - a +2 short sword of electrocution (weapon)
Missiles
 f - 23 stones
Armour
 a - a +0 robe (worn)
 k - a +1 hat (worn)
 s - a +0 ring mail
Magical Staves
 m - a staff of poison
Jewellery
 j - a ring of protection from cold (left hand)
Scrolls
 h - a scroll of brand weapon {unknown}
 i - a scroll of vulnerability {unknown}
 n - a scroll of torment {unknown}
 o - a scroll of butterflies {unknown}
 p - 2 scrolls of noise {unknown}
 q - a scroll of blinking {unknown}
 v - a scroll of enchant weapon {unknown}
Potions
 b - 2 potions of magic
 c - a potion of brilliance {unknown}
 d - a potion of invisibility {unknown}
 e - a potion of flight {unknown}
 g - 2 potions of haste {unknown}
 l - 2 potions of heal wounds {unknown}
 t - a potion of mutation {unknown}
 u - a potion of resistance {unknown}


   Skills:
 + Level 1.9 Fighting
 + Level 1.8 Armour
 - Level 1.7 Dodging
 - Level 2.4 Stealth
 + Level 2.7 Spellcasting
 - Level 1.0 Transmutations
 + Level 4.5 Earth Magic


You had 7 spell levels left.
You knew the following spells:

 Your Spells              Type           Power      Damage    Failure   Level
a - Sandblast             Erth           34%        2d9       2%          1

Your spell library contained the following spells:

 Spells                   Type           Power      Damage    Failure   Level
 Passwall                 Tmut/Erth      9%         N/A       9%          2
 Apportation              Tloc           4%         N/A       19%         1
 Necrotise                Necr           8%         1d4       19%         1
 Summon Small Mammal      Summ           8%         N/A       19%         1
 Stone Arrow              Conj/Erth      20%        3d8       22%         3
 Call Canine Familiar     Summ           2%         N/A       47%         3
 Ozocubu's Armour         Ice            2%         N/A       47%         3
 Portal Projectile        Hex/Tloc       4%         N/A       47%         3
 Petrify                  Tmut/Erth      11%        N/A       50%         4
 Animate Armour           Summ/Erth      20%        N/A       56%         4
 Leda's Liquefaction      Hex/Erth       5%         N/A       56%         4
 Animate Dead             Necr           2%         N/A       87%         4
 Dispel Undead            Necr           2%         3d7       87%         4
 Ozocubu's Refrigeration  Ice            1%         4d7       100%        7
 Lehudib's Crystal Spear  Conj/Erth      5%         10d3      100%        8


Dungeon Overview and Level Annotations

Branches:
Dungeon (4/15)              Sewer (1/1)
 Temple: D:4-7

Altars:
Ru

Annotations:
D:3 Grinder


Innate Abilities, Weirdness & Mutations

You are immune to sickness and miasma.
Your stone body is resilient. (AC +3)
You are immune to poison.
You resist negative energy. (rN+)
You are resistant to electric shocks. (rElec)
You are resistant to unholy torment.
You are immune to petrification.


Message History

Press: ? - help, Shift-Dir - straight line, f - hell rat
Aim: a hell rat (asleep, 100% to hit)
The blast of sand hits the hell rat.
The hell rat is lightly wounded.
The hell rat roars deafeningly!
Casting: Sandblast (safe; 2% risk of failure)
Confirm with . or Enter, or press ? or * to list all spells.
Aiming: Sandblast (safe; 2% risk of failure)
Press: ? - help, Shift-Dir - straight line, f/p - hell rat
Aim: a hell rat (lightly wounded, 82% to hit)
The blast of sand hits the hell rat but does no damage.
The hell rat is lightly wounded.
The hell rat twitches its whiskers.
Casting: Sandblast (safe; 2% risk of failure)
Confirm with . or Enter, or press ? or * to list all spells.
Aiming: Sandblast (safe; 2% risk of failure)
Press: ? - help, Shift-Dir - straight line, f/p - hell rat
Aim: a hell rat (lightly wounded, 82% to hit)
The blast of sand hits the hell rat!
The hell rat is heavily wounded.
The hell rat bites you!
Ouch! That really hurt!
The hell rat completely misses you.
Casting: Sandblast (safe; 2% risk of failure)
Confirm with . or Enter, or press ? or * to list all spells.
Aiming: Sandblast (safe; 2% risk of failure)
Press: ? - help, Shift-Dir - straight line, f/p - hell rat
Aim: a hell rat (heavily wounded, 82% to hit)
The blast of sand hits the hell rat.
The hell rat is almost dead.
The hell rat barely misses you. The hell rat closely misses you.
Casting: Sandblast (safe; 2% risk of failure)
Confirm with . or Enter, or press ? or * to list all spells.
Aiming: Sandblast (safe; 2% risk of failure)
Press: ? - help, Shift-Dir - straight line, f/p - hell rat
Aim: a hell rat (almost dead, 82% to hit)
The blast of sand hits the hell rat but does no damage.
The hell rat is almost dead.
The hell rat bites you. The hell rat bites you!
You die...

###.~.~~∩.~..~###
#~..~.#####..~.~#
##...###?∩
###..~##
#.††##.?!! ##~.~#
#..~#~.~~~ #~.~#
#..~##~~~~ ##~~.#
##.~.###~~
###~~.##
#.~~.~##r##~~...#
###....~~@.~~~###
###..~~...###
#########


You could see a hell rat.

Vanquished Creatures
  Natasha (D:3)
  An adder (D:2)
  A river rat (Sewer)
  A worm (D:2)
  3 dart slugs (D:2)
  7 endoplasms
  A giant cockroach (D:1)
  5 goblins
  3 hobgoblins
  3 jackals (D:2)
  3 quokkas
  2 ball pythons
  4 bats
  3 frilled lizards (D:2)
  5 kobolds
  12 rats
55 creatures vanquished.

Notes
Turn   | Place    | Note
-------+----------+-------------------------------------------
     0 | D:1      | PaiMei the Gargoyle Earth Elementalist began the quest for
                  | the Orb.
     0 | D:1      | Reached XP level 1. HP: 10/10 MP: 3/3
    83 | D:1      | Got Towkoritri's Compilation of Debased Words
   217 | D:1      | Reached skill level 1 in Transmutations
   217 | D:1      | Reached XP level 2. HP: 15/15 MP: 5/5
   571 | D:2      | Found a faded altar of an unknown god.
   621 | D:2      | Reached XP level 3. HP: 20/20 MP: 6/6
   661 | D:2      | Reached skill level 4 in Earth Magic
   744 | D:2      | Reached skill level 1 in Fighting
   767 | D:2      | Reached skill level 1 in Armour
  1005 | D:2      | Reached XP level 4. HP: 14/25 MP: 7/7
  1056 | D:2      | Found a sacrificial altar of Ru.
  1462 | D:3      | Noticed Natasha
  1480 | D:3      | Killed Natasha
  1608 | D:3      | Noticed Grinder
  1678 | D:3      | You fall into a shaft and drop 1 floor!
  1802 | D:4      | Found a glowing drain.
  1816 | Sewer    | Entered a sewer
  2005 | Sewer    | Slain by a hell rat

Illustrated notes

Levels and vault maps discovered:
D:1:      lemuel_arrival_funnel, layout_basic
D:2:      layout_basic, nicolae_ecumenical_oubliette, basic_altar, serial_glass,
          glass_columns_c, glass_columns_b, glass_columns_a, glass_columns_a,
          glass_columns_b, glass_columns_c, glass_columns_a, glass_columns_a
D:3:      layout_basic, uniq_natasha, uniq_grinder, uniq_ijyb
D:4:      layout_basic, portal_sewer_entry_e
Sewer:    sewer_hellmonk_bad_rat

Skill      XL: |  1  2  3 |
---------------+----------+-----
Transmutations | 1 |  1.0
Earth Magic    | 4 |  4.5
Fighting       | 1 |  1.9
Armour         | 1 |  1.8
Dodging        | |  1.7
Stealth        | |  2.4
Spellcasting   | |  2.7

Action                     |  1- 3 |  4- 6 || total
---------------------------+-------+-------++-------
  Melee: Whip              |   134 |    18 ||   152
         Punch             |     1 |       ||     1
         Short sword       |       |    41 ||    41
   Cast: Sandblast         |     4 |     8 ||    12
   Stab: Sleeping          |     3 |       ||     3
 Armour: Robe              |    46 |    27 ||    73
  Dodge: Dodged            |    79 |    75 ||   154
